 Dungeon Crawl Stone Soup version 0.24.1-8-ga250c9d538 (webtiles) character file.

Game seed: 7310197917194827370, levelgen mode: deterministic

2807 Talloween the Martial Artist (level 9, 56/56 HPs)
             Began as a Vampire Wanderer on Apr 18, 2020.
             Was a Believer of Sif Muna.
             Quit the game on level 8 of the Dungeon on Apr 28, 2020.
             The game lasted 00:41:22 (7236 turns).

Talloween the Martial Artist (Vampire Wanderer)     Turns: 7236, Time: 00:41:23

Health: 56/56      AC:  8    Str: 10    XL:     9   Next: 44%
Magic:  9/9        EV: 16    Int: 16    God:    Sif Muna [**....]
Gold:   484        SH:  0    Dex: 16    Spells: 8/8 levels left

rFire    . . .     SeeInvis +     - Unarmed
rCold    + + .     Gourm    .   (no shield)
rNeg     + + +     Faith    .   c - +3 leather armour
rPois    ∞         Spirit   .   (no helmet)
rElec    .         Reflect  .   i - +1 cloak
rCorr    .         Harm     .   (no gloves)
MR       .....                  (no boots)
Stlth    ++++......             (no amulet)
HPRegen  0.18/turn              (no ring)
MPRegen  0.11/turn              (no ring)

@: bloodless
A: no food, fangs 3, see invisible, unbreathing
a: Bat Form, Revivify, Channel Magic, Renounce Religion


You were on level 8 of the Dungeon.
You worshipped Sif Muna.
Sif Muna was pleased with you.
You were bloodless.

You visited 1 branch of the dungeon, and saw 8 of its levels.
You also visited: Ossuary.

You collected 484 gold pieces.

Inventory:

Hand Weapons
 a - a +0 dagger
Missiles
 f - 2 throwing nets
 g - 2 silver javelins
 k - 2 atropa-tipped darts (quivered)
 v - 25 poisoned darts
Armour
 c - a +3 leather armour (worn)
 i - a +1 cloak (worn)
 m - a +0 pair of gloves
Magical Staves
 B - an uncursed staff of wizardry
Jewellery
 e - an uncursed ring of positive energy
 E - an uncursed ring of protection from magic
Wands
 h - a wand of polymorph (12)
 y - a wand of iceblast (6)
Scrolls
 b - a scroll of summoning {unknown}
 d - 10 scrolls of remove curse
 j - a scroll of immolation
 q - 2 scrolls of magic mapping {unknown}
 s - 4 scrolls of enchant weapon {unknown}
 t - 2 scrolls of amnesia {unknown}
 u - a scroll of enchant armour
 z - a scroll of blinking {unknown}
 C - a scroll of fear {unknown}
 F - 4 scrolls of fog
 H - a scroll of identify
Potions
 l - a potion of berserk rage
 n - a potion of flight
 o - 3 potions of invisibility
 p - 3 potions of agility
 r - 2 potions of magic
 w - 4 potions of mutation
 x - a potion of brilliance
 A - a potion of cancellation {unknown}
 D - a potion of might {unknown}
 G - 3 potions of heal wounds


   Skills:
 * Level 6.9 Fighting
 - Level 1.0 Throwing
 - Level 7.0 Dodging
 - Level 1.8 Stealth
 + Level 10.4 Unarmed Combat


You had 8 spell levels left.
You didn't know any spells.
Your spell library was empty.

Dungeon Overview and Level Annotations

Branches:
Dungeon (8/15)             Temple (0/1) D:7         Ossuary (visited)
   Lair: D:8-11

Altars:
Ashenzari
Gozag
Sif Muna
Trog
Uskayaw

Shops:
D:5 !   D:6 !


Innate Abilities, Weirdness & Mutations

You do not eat.
You do not regenerate when monsters are visible.
You are frail without blood (-20% HP).
You can heal yourself when you bite living creatures.
You are immune to poison.
You have razor-sharp teeth.
You have supernaturally acute eyesight. (SInv)
You can survive without breathing.


Message History

Sif Muna accepts your kill.
You see here 19 sling bullets.
The crimson imp disappears for a moment.
The crimson imp hits you but does no damage.
You punch the crimson imp!
You kill the crimson imp!
Sif Muna accepts your kill.
There is a stone staircase leading up here.
Saving game... please wait.
Welcome back, Talloween the Vampire Wanderer.
Sif Muna whispers: I know many secrets...
Press ? for a list of commands and other information.
Found a stone staircase leading down.
H - a scroll of identify You start resting.
HP restored.
Found a stone staircase leading up.
Found a runed trident.
You see here a pair of boots.
Are you sure you want to abandon this character and quit the game? (Confirm with "yes".)

#...##
##...##
##.<...####
#.......... #
#.......###..
#............
##........#
##.....####
#......@#
#.......#
#..)......
##..........
##..>........
####........
#..<....)
#........


There were no monsters in sight!

Vanquished Creatures
  Grinder (D:5)
  Prince Ribbit (D:7)
  Edmund (D:6)
  Menkaure (D:4)
  Duvessa (D:4)
  3 ice beasts
  A sky beast (D:7)
  2 ogres
  A centaur (D:6)
  Dowan (D:4)
  A water moccasin skeleton (D:6)
  A scorpion (D:5)
  3 killer bees (D:7)
  4 crimson imps
  A jelly (D:6)
  Crazy Yiuf (D:3)
  3 orc priests
  A bullfrog skeleton (D:7)
  A gnoll shaman (D:4)
  8 hounds
  3 orc wizards
  Terence (D:3)
  4 worker ants
  A hound zombie (D:6)
  5 mummies
  10 gnolls
  5 adders
  A shadow imp (D:8)
  An ooze (D:3)
  An adder zombie (D:7)
  2 worms
  A dart slug (D:1)
  3 leopard geckos
  22 orcs
  9 bats
  5 giant cockroaches
  2 gnoll zombies (Ossuary)
  6 goblins
  6 hobgoblins
  2 jackals (D:7)
  3 quokkas
  2 ball pythons
  4 frilled lizards
  9 gnoll skeletons (Ossuary)
  3 goblin skeletons (Ossuary)
  7 goblin zombies
  2 hobgoblin skeletons (Ossuary)
  5 hobgoblin zombies
  11 kobolds
  4 kobold skeletons (Ossuary)
  5 kobold zombies (Ossuary)
  A leopard gecko skeleton (D:5)
  An orc skeleton (Ossuary)
  5 orc zombies (Ossuary)
  13 rats
  5 rat skeletons (Ossuary)
  3 rat zombies (Ossuary)
  A fungus (D:5)
211 creatures vanquished.

Vanquished Creatures (others)
  A hobgoblin skeleton (Ossuary)
  4 toadstools (D:5)
5 creatures vanquished.

Grand Total: 216 creatures vanquished

Notes
Turn   | Place    | Note
-------+----------+-------------------------------------------
     0 | D:1      | Talloween the Vampire Wanderer began the quest for the Orb.
     0 | D:1      | Talloween set off with the following items: a +0 dagger, 2
                  | potions of curing, a +2 leather armour
     0 | D:1      | Reached XP level 1. HP: 16/16 MP: 1/1
   176 | D:1      | Reached XP level 2. HP: 22/22 MP: 2/2
   275 | D:1      | Reached skill level 4 in Unarmed Combat
   504 | D:1      | Reached XP level 3. HP: 27/27 MP: 3/3
   942 | D:2      | Found a shattered altar of Ashenzari.
  1302 | D:1      | Reached XP level 4. HP: 18/34 MP: 4/4
  1597 | D:2      | Reached skill level 5 in Unarmed Combat
  1926 | D:3      | Noticed Terence
  1981 | D:3      | Killed Terence
  1981 | D:3      | Reached XP level 5. HP: 30/39 MP: 5/5
  2221 | D:3      | Found an opulent altar of Gozag.
  2450 | D:3      | Found a runed translucent door.
  2451 | D:3      | Noticed Crazy Yiuf
  2536 | D:3      | Killed Crazy Yiuf
  2536 | D:3      | Reached skill level 6 in Unarmed Combat
  2737 | D:4      | Noticed Duvessa
  2780 | D:4      | Killed Duvessa
  2780 | D:4      | Reached skill level 7 in Unarmed Combat
  2780 | D:4      | Reached XP level 6. HP: 34/46 MP: 6/6
  2803 | D:4      | Noticed Dowan
  2827 | D:4      | Killed Dowan
  2903 | D:4      | Reached skill level 8 in Unarmed Combat
  3150 | D:4      | Noticed Menkaure
  3170 | D:4      | Killed Menkaure
  3170 | D:4      | Reached XP level 7. HP: 40/40 MP: 7/7
  3247 | D:4      | Reached skill level 9 in Unarmed Combat
  3716 | D:5      | Entered Level 5 of the Dungeon
  3765 | D:5      | Found Puyss's Distillery.
  3866 | D:5      | Found a hide-covered altar of Uskayaw.
  3870 | D:5      | Noticed a +0 dagger
  3870 | D:5      | Noticed a +0 dagger
  3974 | D:5      | Reached skill level 10 in Unarmed Combat
  4047 | D:5      | Noticed Grinder
  4057 | D:5      | Paralysed by Grinder for 2 turns
  4075 | D:5      | Paralysed by Grinder for 3 turns
  4088 | D:5      | Killed Grinder
  4088 | D:5      | Reached XP level 8. HP: 35/58 MP: 8/8
  4269 | D:5      | Reached skill level 5 in Dodging
  4842 | D:6      | Found a shimmering blue altar of Sif Muna.
  4929 | D:6      | Found Qesken's Distillery.
  4963 | D:6      | Noticed Edmund
  4986 | D:6      | Killed Edmund
  5179 | D:6      | Found a bloodstained altar of Trog.
  5221 | D:6      | Became a worshipper of Sif Muna the Loreminder
  5309 | D:7      | Found a staircase to the Ecumenical Temple.
  5316 | D:7      | Noticed Prince Ribbit
  5481 | D:7      | Reached skill level 5 in Fighting
  5481 | D:7      | Reached XP level 9. HP: 35/54 MP: 9/9
  5784 | D:7      | Found a sand-covered staircase.
  5793 | Ossuary  | Entered an ossuary
  5969 | Ossuary  | Reached * piety under Sif Muna
  6190 | Ossuary  | Reached ** piety under Sif Muna
  6861 | D:7      | Killed Prince Ribbit
  6865 | D:7      | Upgraded the game from 0.24.1-4-ge52af88ad5 to
                  | 0.24.1-5-g77f818bfca
  6985 | D:7      | Upgraded the game from 0.24.1-5-g77f818bfca to
                  | 0.24.1-8-ga250c9d538
  7236 | D:8      | Quit the game

Levels and vault maps discovered:
D:1:      lemuel_arrival_behind_the_door_large, layout_basic
D:2:      cheibrodos_pilgrimage, layout_basic, overflow_temple_1_default
D:3:      layout_basic, marbit_many_paths, first_ration,
          uniq_crazy_yiuf_cottage, uniq_terence
D:4:      layout_basic, uniq_duvessa, uniq_menkaure
D:5:      layout_rooms, dancing_weapons_uskayaw, serial_shops, shop_statue,
          minmay_gold_behind_fungi, uniq_grinder
D:6:      layout_loops_ring, kennysheep_little_box, lemuel_crystal_altar,
          serial_shops, shop, st_stairs_3, uniq_edmund
D:7:      layout_gridville, minmay_temple_entry_junction,
          nicolae_ossuary_entry_giza, uniq_prince_ribbit1
D:8:      layout_rooms, nicolae_ru_the_path_less_chosen,
          due_lair_maze_entry_diamond, serial_shops, shop, uniq_erica

Skill      XL: |  1  2  3  4  5  6  7  8  9 |
---------------+----------------------------+-----
Fighting       | 2 3 5 6 |  6.9
Unarmed Combat | 4 5 7 8 10 | 10.4
Dodging        | 4 7 |  7.0
Throwing       | |  1.0
Stealth        | |  1.8

Action                   |  1- 3 |  4- 6 |  7- 9 || total
-------------------------+-------+-------+-------++-------
Melee: Unarmed           |   169 |   188 |   503 ||   860
       Bite              |     9 |    18 |    38 ||    65
       Punch             |     3 |     4 |    20 ||    27
       Dagger            |     8 |       |       ||     8
Throw: Dart              |       |    15 |     6 ||    21
       Javelin           |       |       |     2 ||     2
       Throwing net      |       |       |     2 ||     2
 Abil: Exsanguinate      |       |     1 |     1 ||     2
       Revivify          |       |       |     1 ||     1
  Use: Scroll            |     3 |       |    13 ||    16
       Potion            |     1 |     1 |     5 ||     7
 Stab: Sleeping          |     3 |     5 |     6 ||    14
       Held in net/web   |       |       |     2 ||     2
       Distracted        |       |       |     1 ||     1
Armor: Leather armour    |    62 |    38 |    87 ||   187
Dodge: Dodged            |   125 |    87 |   340 ||   552
